Description

Just a basic Okko style for LOTV based as described here: https://www.bonjwa.de/forum/starcraft-2/strategien-zerg/lotv-okko-style-20-powered-by-mamba

VOD

https://www.youtube.com/watch?v=O0NHGbK8oyk&feature=youtu.be

Replay - LOTV-Okko-Style

Build Order

Get SALT Encoding   

  12  0:01  Drone  
  13  0:14  Overlord  
  13  0:18  Drone  
  14  0:32  Drone x3  
  17  0:53  Hatchery  
  17  0:55  Drone  
  17  1:09  Spawning Pool  
  16  1:11  Drone x2  
  18  1:22  Drone  
  19  1:35  Drone  
  20  1:43  Overlord  
  20  1:58  Queen  
  22  2:01  Zergling x4  
  22  2:04  Queen  
  29  2:27  Overlord  
  30  2:34  Queen  
  33  2:40  Queen  
  36  2:47  Spine Crawler  
  42  3:18  Overlord  
  43  3:21  Extractor x4  
  43  3:35  Overlord  
  51  3:58  Lair  
  53  4:06  Evolution Chamber x2  
  53  4:09  Roach Warren  
  56  4:33  Zerg Missile Weapons Level 1  
  56  4:35  Zerg Ground Armor Level 1  
  56  4:45  Hatchery  
  55  4:51  Roach x7  
  65  4:57  Roach  
  71  5:00  Glial Reconstitution  
  71  5:03  Overseer  
  71  5:09  Roach x2  
  97  6:00  Spore Crawler x2  
  97  6:02  Overseer  
  109  6:23  Ravager x4  
  113  6:29  Spore Crawler  
  129  7:03  Extractor x2  
Spawning Tool Build Advisor. Get it on Overwolf

Go to:

Details

  • Created by: elguntor
  • Published on: Sep 12, 2017
  • Modified on: Sep 12, 2017
  • Patch: 3.8.0
Show
View Real Time Build Order
Export as new Build Order

Comments (2)

On Sept. 17, 2017, 1:12 p.m., elguntor  said:

The remaining Overlords just aren't listed. Make them as necessary to keep supply up. If you watch the video, they go into a description of how to transition to the late game.

On Sept. 17, 2017, 7 a.m., zenkazio  said:

Hey, last Overlord is at 43 any recommended Spawnperiod?

Create an account to comment!